 Dungeon Crawl Stone Soup version 0.25.0-9-g26727b6 (webtiles) character file.

Game seed: 16595340759022401925

128 Helmschank the Chopper (level 5, -4/46 HPs)
             Began as a Hill Orc Monk on June 19, 2020.
             Slain by an orc wizard
             ... wielding a +0 dagger of electrocution
              (14 damage)
             ... on level 3 of the Dungeon on June 20, 2020.
             The game lasted 00:07:29 (2911 turns).

Helmschank the Chopper (Hill Orc Monk)              Turns: 2911, Time: 00:07:30

Health: -4/46      AC:  8    Str: 15    XL:     5   Next: 11%
Magic:  5/5        EV:  7    Int: 10    God:
Gold:   106        SH:  0    Dex: 13    Spells: 4/4 levels left

rFire    . . .     SeeInvis .   a - +0 hand axe
rCold    . . .     Gourm    .   (no shield)
rNeg     . . .     Faith    .   e - +0 chain mail
rPois    .         Spirit   .   (no helmet)
rElec    .         Reflect  .   y - scarf {repulsion}
rCorr    .         Harm     .   (no gloves)
MR       .....                  (no boots)
Stlth    ..........             (no amulet)
HPRegen  0.15/turn              (no ring)
MPRegen  0.09/turn              (no ring)

@: repel missiles
A: no striking features
a: no special abilities


You were on level 3 of the Dungeon.
You were hungry.

You visited 1 branch of the dungeon, and saw 3 of its levels.

You collected 106 gold pieces.

Inventory:

Hand Weapons
 a - a +0 hand axe (weapon)
 j - a +0 vampiric whip
 x - a cursed -3 flail
Missiles
 n - 97 stones (quivered)
 q - 26 bolts
 A - a throwing net
Armour
 b - a +0 robe
 e - a +0 chain mail (worn)
 y - a scarf of repulsion (worn)
Jewellery
 l - an uncursed ring of magical power {unknown}
 w - a +6 ring of strength {unknown}
Wands
 B - a wand of clouds (4)
Scrolls
 d - a scroll of enchant weapon {unknown}
 h - a scroll of amnesia {unknown}
 k - 2 scrolls of teleportation {unknown}
 p - a scroll of fear {unknown}
 r - a scroll of fog {unknown}
 s - 2 scrolls of magic mapping {unknown}
 t - 2 scrolls of remove curse {unknown}
 v - 3 scrolls of identify {unknown}
Potions
 f - a potion of brilliance {unknown}
 g - a potion of flight {unknown}
 i - a potion of cancellation {unknown}
 m - a potion of haste {unknown}
 o - a potion of resistance {unknown}
 u - a potion of magic {unknown}
Comestibles
 c - 6 rations


   Skills:
 - Level 4.0 Fighting
 + Level 5.8 Axes
 - Level 1.0 Throwing
 - Level 2.0 Armour
 - Level 3.0 Dodging
 - Level 1.5 Stealth


You had 4 spell levels left.
You didn't know any spells.
Your spell library was empty.

Dungeon Overview and Level Annotations

Branches:
Dungeon (3/15)

Altars:


Message History

You bump into the rock wall.
The orc wizard hits you but does no damage.
You bump into the rock wall.
The orc wizard hits you with a +0 dagger of electrocution.
You are electrocuted!
* * * LOW HITPOINT WARNING * * *
You take 16 damage, and have 10/46 hp.
MASSIVE DAMAGE!!
You bump into the rock wall.
You feel less confused.
The orc wizard gestures at you while chanting.
The puff of flame is repelled.
You hit the orc wizard.
The orc wizard is severely wounded.
The orc wizard gestures wildly while chanting.
The orc wizard flickers and vanishes!
Deactivating autopickup; reactivate with Ctrl-A.
The orc wizard hits you with a +0 dagger of electrocution.
* * * LOW HITPOINT WARNING * * *
You are electrocuted!
You die...

#.#.## (..o...(..# #.#.#
...........# #.#.#
#......o...# .<#.#
......(...#####
###.########.#.# #or...(.#
#........#...# #.....(.#
#..#####.#.#.# #(...(..#
#..# ##.#...###((.....#
###..####.......@o{......#
.......##......###.......#
######.##....#.# #.......#
.......##....#>...........
.......##....#.###......##
.......##....#.# #......#
.......##....#.. .......#
.......##....#.. ......#
.......##....#..


You could see an orc wizard.

Vanquished Creatures
  4 adders
  3 gnolls (D:2)
  2 worms (D:2)
  A dart slug (D:2)
  A leopard gecko (D:1)
  An orc (D:3)
  4 giant cockroaches
  6 hobgoblins
  3 bats
  2 frilled lizards
  6 goblins
  15 kobolds
  7 rats
55 creatures vanquished.

Notes
Turn   | Place    | Note
-------+----------+-------------------------------------------
     0 | D:1      | Helmschank the Hill Orc Monk began the quest for the Orb.
     0 | D:1      | Reached XP level 1. HP: 19/19 MP: 1/1
   376 | D:1      | Reached XP level 2. HP: 24/26 MP: 2/2
   531 | D:1      | Reached skill level 5 in Axes
  1001 | D:2      | Found a faded altar of an unknown god.
  1015 | D:2      | Reached XP level 3. HP: 33/33 MP: 3/3
  1023 | D:2      | Reached skill level 1 in Armour
  1372 | D:2      | Reached XP level 4. HP: 17/40 MP: 4/4
  2015 | D:2      | Reached skill level 1 in Throwing
  2743 | D:3      | Reached XP level 5. HP: 40/46 MP: 5/5
  2911 | D:3      | Slain by an orc wizard

Illustrated notes

Levels and vault maps discovered:
D:1:      dpeg_chamrin_arrival_tetris, layout_loops_ring
D:2:      layout_loops_ring, chequers_ecumenical_altar_simple_redux
D:3:      layout_basic

Skill      XL: |  1  2  3  4 |
---------------+-------------+-----
Axes           | 5 |  5.8
Fighting       | 4 |  4.0
Armour         | 2 |  2.0
Dodging        | 3 |  3.0
Throwing       | 1 |  1.0
Stealth        | |  1.5

Action                   |  1- 3 |  4- 6 || total
-------------------------+-------+-------++-------
Melee: Hand axe          |   100 |   114 ||   214
Throw: Stone             |    38 |    69 ||   107
  Eat: Chunk             |     1 |     5 ||     6
Armor: Chain mail        |    64 |    39 ||   103
Dodge: Dodged            |    40 |    29 ||    69
       Repelled          |       |     6 ||     6
